 Dungeon Crawl Stone Soup version 0.17.0-24-gcfadda4 (webtiles) character file.

3330 Raultor the Covert (level 9, -1/59 HPs)
             Began as a Vampire Enchanter on Nov 16, 2015.
             Was an Initiate of Ashenzari.
             Slain by a centaur zombie (8 damage)
             ... on level 8 of the Dungeon.
             The game lasted 00:31:19 (7647 turns).

Raultor the Covert (Vampire Enchanter)              Turns: 7647, Time: 00:31:20

Health: -1/59      AC:  3    Str:  7    XL:     9   Next: 71%
Magic:  7/12       EV: 13    Int: 19    God:    Ashenzari [......]
Gold:   494        SH:  0    Dex: 16    Spells: 5 memorised, 2 levels left

rFire  . . .     SeeInvis +     K - +3 dagger (elec) (curse)
rCold  + + +     Clarity  .     b - +1 robe (curse)
rNeg   + + +     SustAt   .     (no shield)
rPois  +         Gourm    .     (no helmet)
rElec  .         Spirit   .     (no cloak)
rCorr  .         Warding  .     (no gloves)
rMut   +         Stasis   .     (no boots)
MR     +....                    M - amulet of resist mutation
Stlth  +++++++...               A - ring of protection from magic
                                q - ring of protection from cold

@: regenerating slowly, somewhat resistant to hostile enchantments, extremely
stealthy
A: fangs 3, see invisible, unbreathing
a: Bat Form, Renounce Religion


You were on level 8 of the Dungeon.
You worshipped Ashenzari.
Ashenzari was noncommittal.
You were near bloodless.

You visited 2 branches of the dungeon, and saw 9 of its levels.
You also visited: Ossuary.

You collected 494 gold pieces.

Inventory:

Hand Weapons
 i - a +2 short sword of venom
 K - a cursed +3 dagger of electrocution (weapon)
 N - a +0 dagger of venom
Missiles
 y - 34 poisoned needles
Armour
 b - a cursed +1 robe (worn)
Jewellery
 q - a ring of protection from cold (left hand)
 A - a ring of protection from magic (right hand)
 M - an amulet of resist mutation (around neck)
Wands
 l - a wand of cold (7)
 m - a wand of polymorph (12)
 t - a wand of disintegration (16)
 w - a wand of lightning (6)
 B - a wand of teleportation (2)
 H - a wand of heal wounds (6)
 L - a wand of fire (9)
 Q - a wand of cold (10)
Scrolls
 e - 11 scrolls of identify
 f - a scroll of immolation {unknown}
 j - a scroll of curse armour
 k - 2 scrolls of teleportation {unknown}
 n - 3 scrolls of fog {unknown}
 p - 2 scrolls of random uselessness {unknown}
 s - a scroll of noise {unknown}
 v - 2 scrolls of magic mapping {unknown}
 z - 2 scrolls of enchant weapon {unknown}
 C - a scroll of blinking {unknown}
 G - 2 scrolls of fear {unknown}
 P - 2 scrolls of enchant armour {unknown}
 R - 4 scrolls of remove curse
Potions
 a - a potion of magic {unknown}
 d - 16 potions of blood
 g - 3 potions of haste {unknown}
 h - a potion of flight {unknown}
 o - a potion of cure mutation {unknown}
 u - a potion of invisibility {unknown}
 x - a potion of brilliance {unknown}
 D - a potion of cancellation {unknown}
 E - a potion of degeneration {unknown}
 F - a potion of heal wounds {unknown}
 I - a potion of curing {unknown}
 J - 2 potions of poison {unknown}
 O - a potion of might {unknown}
Books
 c - a book of Maledictions

   Spells                             Type                      Level
   a - Corona                         Hexes                        1
   b - Ensorcelled Hibernation        Hexes/Ice                    2
   c - Confuse                        Hexes                        3
   d - Tukima's Dance                 Hexes                        3
   e - Dazzling Spray                 Conjuration/Hexes            3
 r - a book of Party Tricks

   Spells                             Type                      Level
   a - Summon Butterflies             Summoning                    1
   b - Apportation                    Translocation                1
   c - Tukima's Dance                 Hexes                        3
   d - Alistair's Intoxication        Transmutation/Poison         4
   e - Invisibility                   Hexes                        6


   Skills:
 + Level 1.0 Fighting
 + Level 4.1 Short Blades
 + Level 3.3 Dodging
 + Level 14.6 Stealth
 - Level 2.3 Spellcasting
 * Level 12.5 Hexes
 - Level 0.2 Ice Magic


You had 2 spell levels left.
You knew the following spells:

 Your Spells              Type           Power        Failure   Level  Hunger
a - Corona                Hex            ######.      1%          1    #......
b - Ensorcelled Hibernat  Hex/Ice        ####..       1%          2    ##.....
c - Tukima's Dance        Hex            ######..     1%          3    ###....
d - Summon Butterflies    Summ           #.......     17%         1    #......
e - Dazzling Spray        Conj/Hex       ####....     4%          3    ###....


Dungeon Overview and Level Annotations

Branches:
Dungeon (8/15)             Temple (1/1) D:7
   Lair: D:8-11

Altars:
Ashenzari
Cheibriados
Dithmenos
Elyvilon
Fedhas
Gozag
Kikubaaqudgha
Makhleb
Nemelex Xobeh
Okawaru
Qazlal
Ru
Sif Muna
Trog
Vehumet
Xom
Yredelemnul
Zin
The Shining One

Shops:
D:6 *   D:7 }

Annotations:
D:4 Sigmund


Innate Abilities, Weirdness & Mutations

You heal slowly.
You have razor-sharp teeth.
You have supernaturally acute eyesight.
You can survive without breathing.


Message History

You kill the sheep!
You see here a sheep corpse.
You bottle the corpse's blood.
d - 16 potions of blood (gained 1)
You start resting.
A centaur zombie comes into view.
A centaur zombie is nearby!
The centaur zombie hits you.
You hit the centaur zombie. The centaur zombie hits you.
* * * LOW HITPOINT WARNING * * *
Casting: Ensorcelled Hibernation
Confirm with . or Enter, or press ? or * to list all spells.
Aiming: Dazzling Spray
Press: ? - help, Shift-Dir - straight line, f - centaur zombie
Aim: a centaur zombie The spray of energy hits the centaur zombie.
The centaur zombie hits you.
* * * LOW HITPOINT WARNING * * *
The centaur zombie hits you!
You die...

####### ### #.....#
##.####### #.....#
#..'...%%# #.....#
##..#....%# #.....#
#.†####'###
#.....########[###.....#
#......Z|.....)..#.....#
#.......@........#######
#.................#
#.................#
#.................#
##.................#
#...........########
#...........#
#...........#
#...........#


You could see a centaur zombie.

Vanquished Creatures
  Pikel (D:5)
  A hog (D:8)
  Eustachio (D:5)
  A deep elf mage (D:5)
  3 yaks (D:6)
  Menkaure (D:7)
  A hippogriff (D:8)
  Edmund (D:4)
  A phantom (D:7)
  A slave (D:5)
  A sky beast (D:6)
  An ogre (D:7)
  4 centaurs
  2 big kobolds
  A giant frog (D:6)
  2 crimson imps
  A centaur zombie (D:6)
  2 orc priests
  A hound (D:7)
  2 giant frog skeletons
  3 worker ants
  2 centaur skeletons
  2 iguanas (D:7)
  6 orc wizards
  2 sheep (D:8)
  A big kobold zombie (Ossuary)
  3 gnolls (D:6)
  7 adders
  2 oozes
  2 worms
  A giant gecko (D:5)
  30 orcs
  2 ball pythons
  3 giant cockroaches
  10 hobgoblins
  3 jackals (D:2)
  7 bats
  3 giant newts
  7 goblins
  2 hobgoblin zombies (Ossuary)
  7 kobolds
  An orc zombie (Ossuary)
  2 quokkas
  2 quokka skeletons
  6 rats
145 creatures vanquished.

Vanquished Creatures (collateral kills)
  A human (D:8)
  An orc warrior (D:6)
  A centaur (D:6)
  2 orc wizards (D:6)
  A sheep (D:8)
  10 orcs
  A hobgoblin (D:3)
  5 kobolds (D:8)
22 creatures vanquished.

Vanquished Creatures (others)
  A dancing weapon (D:5)
  A slave (D:5)
2 creatures vanquished.

Grand Total: 169 creatures vanquished

Notes
Turn   | Place    | Note
--------------------------------------------------------------
     0 | D:1      | Raultor the Vampire Enchanter began the quest for the Orb.
     0 | D:1      | Reached XP level 1. HP: 13/13 MP: 3/3
    50 | D:1      | Reached skill level 5 in Stealth
   162 | D:1      | Reached XP level 2. HP: 19/19 MP: 5/5
   177 | D:1      | Learned a level 2 spell: Ensorcelled Hibernation
   685 | D:2      | Reached XP level 3. HP: 16/24 MP: 6/6
  1013 | D:2      | Found a shadowy altar of Dithmenos.
  1031 | D:2      | Reached skill level 6 in Stealth
  1218 | D:2      | Learned a level 3 spell: Tukima's Dance
  1233 | D:2      | Found a sparkling altar of Nemelex Xobeh.
  1326 | D:2      | Reached XP level 4. HP: 30/30 MP: 7/7
  1444 | D:2      | Found a basalt altar of Yredelemnul.
  1444 | D:2      | Found a deep blue altar of Sif Muna.
  1476 | D:3      | Reached skill level 5 in Hexes
  1665 | D:3      | Reached skill level 7 in Stealth
  1665 | D:3      | Reached XP level 5. HP: 35/35 MP: 3/8
  1912 | D:3      | Reached skill level 8 in Stealth
  2430 | D:4      | Noticed Sigmund
  2576 | D:4      | Found a blossoming altar of Fedhas.
  2686 | D:4      | Noticed Edmund
  2696 | D:4      | Killed Edmund
  2696 | D:4      | Reached skill level 9 in Stealth
  2696 | D:4      | Reached XP level 6. HP: 28/41 MP: 9/9
  3073 | D:4      | Found an iron altar of Okawaru.
  3733 | D:5      | Entered Level 5 of the Dungeon
  3835 | D:5      | Noticed a deep elf mage
  3838 | D:5      | Killed a deep elf mage
  3838 | D:5      | Reached skill level 10 in Stealth
  3838 | D:5      | Reached XP level 7. HP: 46/46 MP: 10/10
  3962 | D:5      | Noticed Eustachio
  3963 | D:5      | Noticed Pikel
  4000 | D:5      | Killed Pikel
  4162 | D:5      | Reached skill level 11 in Stealth
  4235 | D:5      | Killed Eustachio
  4235 | D:5      | Reached XP level 8. HP: 52/52 MP: 11/11
  4329 | D:5      | Found a sand-covered staircase.
  4337 | Ossuary  | Entered an ossuary
  4692 | D:5      | Learned a level 1 spell: Summon Butterflies
  5018 | D:6      | Reached skill level 12 in Stealth
  5450 | D:6      | Reached skill level 10 in Hexes
  5850 | D:6      | Learned a level 3 spell: Dazzling Spray
  6009 | D:6      | Reached skill level 13 in Stealth
  6018 | D:6      | Found Qaugiq's General Store.
  6063 | D:6      | Found an opulent altar of Gozag.
  6075 | D:6      | Reached XP level 9. HP: 57/57 MP: 9/12
  6799 | D:7      | Found Redoist's Gadget Shop.
  6815 | D:7      | Noticed Menkaure
  6823 | D:7      | Killed Menkaure
  6911 | D:7      | Reached skill level 14 in Stealth
  7036 | D:7      | Found a burning altar of Makhleb.
  7036 | D:7      | Noticed a green death
  7099 | D:7      | Found a staircase to the Ecumenical Temple.
  7108 | Temple   | Entered the Ecumenical Temple
  7116 | Temple   | Became a worshipper of Ashenzari the Shackled
  7557 | D:8      | Reached skill level 1 in Fighting
  7647 | D:8      | Slain by a centaur zombie

Action                   |  1- 3 |  4- 6 |  7- 9 || total
-------------------------+-------+-------+-------++-------
Melee: Dagger            |    83 |       |    85 ||   168
       Short sword       |    16 |    76 |    95 ||   187
 Cast: Ensorcelled Hiber |     4 |    10 |    41 ||    55
       Tukima's Dance    |       |     2 |    12 ||    14
       Corona            |       |     2 |     2 ||     4
       Dazzling Spray    |       |       |     3 ||     3
       Summon Butterflie |       |       |     1 ||     1
 Abil: End Transformatio |       |     1 |     2 ||     3
       Bat Form          |       |     1 |     2 ||     3
  Use: Potion            |       |     1 |     2 ||     3
       Scroll            |       |       |     7 ||     7
 Stab: Sleeping          |    20 |    19 |    42 ||    81
       Distracted        |     2 |       |       ||     2
  Eat: Corpse            |       |       |     2 ||     2
